 Dungeon Crawl Stone Soup version 0.21.1-1-g345015fe64 (webtiles) character file.

1960 Lennu the Cleaver (level 9, 0/77 HPs)
             Began as a Hill Orc Fighter on May 30, 2018.
             Slain by a killer bee (1 damage)
             ... on level 7 of the Dungeon.
             The game lasted 00:13:18 (8556 turns).

Lennu the Cleaver (Hill Orc Fighter)                Turns: 8556, Time: 00:13:20

Health: 0/77       AC:  7    Str: 19    XL:     9   Next: 19%
Magic:  0/9        EV: 10    Int:  8    God:
Gold:   270        SH: 10    Dex: 13    Spells: 8/8 levels left

rFire    + . .     SeeInvis .   a - +1 war axe
rCold    . . .     Gourm    .   c - +0 shield
rNeg     . . .     Faith    .   d - +1 ring mail {rF+}
rPois    .         Spirit   +   (helmet restricted)
rElec    .         Reflect  .   (no cloak)
rCorr    .         Harm     .   (no gloves)
MR       +....                  (no boots)
Stlth    +.........             l - amulet of guardian spirit
HPRegen  0.22/turn              x - ring of protection from magic
MPRegen  0.11/turn              (no ring)

@: lethally poisoned (0 -> -2)
A: beak, mutation resistance 1
a: no special abilities


You were on level 7 of the Dungeon.
You were not hungry.

You visited 1 branch of the dungeon, and saw 7 of its levels.

You collected 270 gold pieces.

Inventory:

Hand Weapons
 a - a +1 war axe (weapon)
Armour
 c - a +0 shield (worn)
 d - a +1 ring mail of fire resistance (worn)
 j - a +1 helmet
Jewellery
 l - an amulet of guardian spirit (around neck)
 x - a ring of protection from magic (left hand)
Wands
 g - a wand of paralysis (28)
 q - a wand of flame (29)
 t - a wand of iceblast (4)
 u - a wand of random effects (17)
Scrolls
 k - 4 scrolls of remove curse
 m - a scroll of magic mapping {unknown}
 p - a scroll of immolation {unknown}
 s - 4 scrolls of identify
 w - a scroll of teleportation {unknown}
Potions
 e - 2 potions of might
 h - 3 potions of agility
 i - 2 potions of flight
 o - 2 potions of brilliance
Books
 b - a book of Frost

   Spells                             Type                      Level
   a - Freeze                         Ice                          1
   b - Throw Frost                    Conjuration/Ice              2
   c - Ozocubu's Armour               Charms/Ice                   3
   d - Throw Icicle                   Conjuration/Ice              4
   e - Summon Ice Beast               Ice/Summoning                4
 r - a book of Maledictions

   Spells                             Type                      Level
   a - Corona                         Hexes                        1
   b - Ensorcelled Hibernation        Hexes/Ice                    2
   c - Confuse                        Hexes                        3
   d - Tukima's Dance                 Hexes                        3
   e - Dazzling Spray                 Conjuration/Hexes            3
Comestibles
 f - 8 rations
 v - a chunk of flesh


   Skills:
 * Level 6.3 Fighting
 * Level 9.5 Axes
 * Level 6.4 Armour
 * Level 2.7 Dodging
 + Level 1.2 Stealth
 * Level 6.6 Shields


You had 8 spell levels left.
You didn't know any spells.

Dungeon Overview and Level Annotations

Branches:
Dungeon (7/15)             Temple (0/1) D:7

Altars:
Fedhas
Hepliaklqana
Kikubaaqudgha
Makhleb
Ru
Wu Jian
Xom


Innate Abilities, Weirdness & Mutations

You have a beak for a mouth.
You are somewhat resistant to further mutation.


Message History

The killer bee stings you.
* * * LOW HITPOINT WARNING * * *
You are poisoned.
The killer bee poisons you! You block the killer bee's attack.
The killer bee stings you but does no damage.
The killer bee closely misses you.
You miss the killer bee. Your peck misses the killer bee.
The killer bee is heavily wounded.
You hit the killer bee but do no damage.
You feel sick. The killer bee closely misses you.
You block the killer bee's attack. The killer bee closely misses you.
The killer bee stings you.
* * * LOW HITPOINT WARNING * * *
You miss the killer bee.
The killer bee is heavily wounded.
You closely miss the killer bee. You block the killer bee's attack.
The killer bee stings you.
* * * LOW HITPOINT WARNING * * *
You block the killer bee's attack. The killer bee stings you.
You die...

........................#........
............)...........#........
.........((.............#........
.......(................#########
##'#####.....########....).......
.......#.....'......#............
.......#....>#......+....>.......
.......#.....#......#............
..##...#.....#..@y###............
..##...#..[..####y# ####+########
.......#.....# y.. #
.......#.....# ..... #
.......#..... ....... .......#
....... ######## .###... ..# ##
### ..#


You could see 3 killer bees.

Vanquished Creatures
  The ghost of tobi4572 the Slasher, a novice GrGl (D:5)
  Edmund (D:4)
  A black bear (D:5)
  2 sky beasts (D:5)
  3 ogres
  A centaur (D:7)
  A big kobold (D:7)
  A bullfrog (D:6)
  2 scorpions (D:7)
  3 killer bees (D:7)
  A crimson imp (D:6)
  A centaur zombie (D:5)
  2 hounds (D:6)
  Terence (D:2)
  2 orc wizards (D:6)
  2 iguanas
  5 worker ants
  4 worker ant zombies (D:5)
  11 adders
  An ooze (D:3)
  5 worms
  3 leopard geckos
  15 orcs
  6 bats
  8 giant cockroaches
  8 goblins
  7 hobgoblins
  7 jackals
  20 kobolds
  4 quokkas
  6 ball pythons
  4 frilled lizards
  2 jackal skeletons (D:4)
  A jackal zombie (D:5)
  2 leopard gecko skeletons (D:4)
  A quokka skeleton (D:4)
  6 rats
151 creatures vanquished.

Notes
Turn   | Place    | Note
-------+----------+-------------------------------------------
     0 | D:1      | Lennu the Hill Orc Fighter began the quest for the Orb.
     0 | D:1      | Reached XP level 1. HP: 19/19 MP: 1/1
    75 | D:1      | Reached XP level 2. HP: 25/27 MP: 2/2
   544 | D:1      | Reached skill level 3 in Axes
   730 | D:1      | Reached XP level 3. HP: 32/33 MP: 3/3
  1696 | D:2      | Reached XP level 4. HP: 40/40 MP: 4/4
  2215 | D:2      | Noticed Terence
  2229 | D:2      | Killed Terence
  2229 | D:2      | Reached skill level 4 in Axes
  2714 | D:3      | Reached XP level 5. HP: 39/46 MP: 5/5
  3829 | D:3      | Reached skill level 5 in Axes
  3961 | D:4      | Reached skill level 1 in Dodging
  4058 | D:4      | Found a hazy altar of Hepliaklqana.
  4073 | D:4      | Reached XP level 6. HP: 53/53 MP: 6/6
  4199 | D:4      | Found an ornate altar of the Wu Jian Council.
  4210 | D:4      | Noticed Edmund
  4224 | D:4      | Killed Edmund
  4444 | D:4      | Found a sacrificial altar of Ru.
  4539 | D:4      | Found a burning altar of Makhleb.
  5112 | D:5      | Entered Level 5 of the Dungeon
  5157 | D:5      | Found a shimmering altar of Xom.
  5337 | D:5      | Reached skill level 6 in Axes
  5337 | D:5      | Reached XP level 7. HP: 24/60 MP: 2/7
  5385 | D:5      | Noticed tobi4572's ghost (novice GrGl)
  5842 | D:4      | Gained mutation: You have a beak for a mouth. [potion of mutation]
  5842 | D:4      | Gained mutation: You are somewhat resistant to further mutation. [potion of mutation]
  5860 | D:5      | Killed tobi4572's ghost
  5860 | D:5      | Reached skill level 5 in Fighting
  5860 | D:5      | Reached skill level 5 in Armour
  5860 | D:5      | Reached skill level 5 in Shields
  6064 | D:5      | Reached skill level 7 in Axes
  6169 | D:5      | Reached XP level 8. HP: 67/68 MP: 6/8
  6438 | D:5      | Reached skill level 8 in Axes
  6671 | D:5      | Found a blossoming altar of Fedhas.
  7157 | D:6      | Found an ancient bone altar of Kikubaaqudgha.
  7158 | D:6      | Found a blossoming altar of Fedhas.
  7911 | D:7      | Reached skill level 1 in Stealth
  8071 | D:7      | Reached skill level 9 in Axes
  8074 | D:7      | Reached XP level 9. HP: 35/75 MP: 3/9
  8385 | D:7      | Found a staircase to the Ecumenical Temple.
  8555 | D:7      | HP: 3/77 [killer bee (4)]
  8556 | D:7      | HP: 1/77 [killer bee (3)]
  8556 | D:7      | Slain by a killer bee

Skill      XL: |  1  2  3  4  5  6  7  8  9 |
---------------+----------------------------+-----
Axes           | 3 4 5 6 7 9 |  9.5
Fighting       | 4 5 6 |  6.3
Armour         | 4 5 6 |  6.4
Shields        | 4 5 6 |  6.6
Dodging        | 1 2 |  2.7
Stealth        | 1 |  1.2

Action                   |  1- 3 |  4- 6 |  7- 9 || total
-------------------------+-------+-------+-------++-------
Melee: War axe           |   131 |   275 |   198 ||   604
       Peck              |       |       |    38 ||    38
  Use: Potion            |     1 |     1 |     9 ||    11
       Scroll            |       |     4 |     4 ||     8
  Eat: Chunk             |     1 |    10 |     7 ||    18
       Ration            |     1 |       |     1 ||     2
Armor: Scale mail        |    61 |    92 |       ||   153
       Ring mail         |       |    18 |    70 ||    88
Dodge: Dodged            |    51 |   102 |    82 ||   235
Block: Shield            |    76 |   161 |   137 ||   374
